 Dungeon Crawl Stone Soup version 0.29.1-15-g9cfb28693d (webtiles) character file.

Game seed: 1135760846299104847

3420 byup00 the Grappler (level 9, -3/132 HPs)
             Began as a Troll Berserker on July 20, 2023.
             Was an Elder of Trog.
             Slain by a killer bee (7 damage)
             ... on level 8 of the Dungeon.
             The game lasted 00:33:07 (6637 turns).

byup00 the Grappler (Troll Berserker)               Turns: 6637, Time: 00:33:07

Health: -3/132     AC:  4    Str: 29    XL:     9   Next: 76%
Magic:  17/17      EV: 11    Int:  6    God:    Trog [****..]
Gold:   581        SH:  0    Dex: 11    Spells: 8/8 levels left

rFire   + . .      SeeInvis +     - Unarmed
rCold   . . .      Faith    .   (no shield)
rNeg    . . .      Spirit   .   a - +0 animal skin
rPois   +          Reflect  .   (helmet restricted)
rElec   .          Harm     .   (no cloak)
rCorr   .          Rampage  .   (gloves unavailable)
Will    ++...                   (boots unavailable)
Stlth   ..........              H - amulet "Arad Zing" {RegenMP rPois MP+9 Int+3}
HPRegen 2.12/turn               p - ring of protection from fire
MPRegen 0.55/turn               j - ring of see invisible

@: berserking, strong-willed, regenerating, hasted, very quick
A: large, unfitting armour, claws 3, regeneration 1, shaggy fur 1, tough skin 1
a: Renounce Religion, Berserk, Trog's Hand, Brothers in Arms


You were on level 8 of the Dungeon.
You worshipped Trog.
Trog was greatly pleased with you.
You visited 1 branch of the dungeon, and saw 8 of its levels.
You also visited: Sewer.

You collected 581 gold pieces.

Inventory:

Missiles
 e - 81 stones (quivered)
 q - a throwing net
Armour
 a - a +0 animal skin (worn)
Jewellery
 j - a ring of see invisible (right claw)
 p - a ring of protection from fire (left claw)
 z - a ring of flight
 H - the amulet "Arad Zing" (around neck) {RegenMP rPois MP+9 Int+3}
   (You took it off an orc priest on level 6 of the Dungeon)

   [amulet of magic regeneration]

   It increases your rate of magic regeneration.
   Int:       It affects your intelligence (+3).
   rPois:     It protects you from poison.
   MP:        It affects your magic capacity (+9).
Wands
 t - a wand of flame (6)
 w - a wand of iceblast (6)
 E - a wand of polymorph (14)
Scrolls
 d - 2 scrolls of blinking {unknown}
 f - 4 scrolls of fog
 g - 6 scrolls of teleportation
 k - a scroll of identify
 o - 2 scrolls of fear {unknown}
 s - a scroll of poison {unknown}
 u - a scroll of silence {unknown}
 y - a scroll of enchant weapon {unknown}
 C - a scroll of immolation
 D - 3 scrolls of noise {unknown}
 F - 2 scrolls of summoning {unknown}
Potions
 b - 5 potions of haste
 c - 2 potions of might
 h - a potion of attraction {unknown}
 i - 3 potions of degeneration {unknown}
 l - a potion of flight {unknown}
 m - 4 potions of lignification
 n - 2 potions of curing {unknown}
 r - a potion of berserk rage {unknown}
 v - 4 potions of brilliance
 x - 2 potions of resistance {unknown}
 A - a potion of magic {unknown}
 G - a potion of heal wounds {unknown}
 I - 2 potions of invisibility


   Skills:
 * Level 5.0 Fighting
 * Level 3.8 Throwing
 + Level 6.1 Dodging
 - Level 1.0 Stealth
 + Level 10.3 Unarmed Combat


You had 8 spell levels left.
You didn't know any spells.
Your spell library was empty.

Dungeon Overview and Level Annotations

Branches:
Dungeon (8/15)             Temple (0/1) D:6           Sewer (visited)
   Lair: D:8-11

Altars:
Dithmenos
Gozag
Kikubaaqudgha
Okawaru
Ru
Sif Muna
Trog
Vehumet
The Shining One


Innate Abilities, Weirdness & Mutations

You are too large for most types of armour.
You have claws for hands.
Your natural rate of healing is unusually fast.
You are covered in fur. (AC +1)
You have tough skin. (AC +1)


Message History

The killer bee completely misses you.
You miss the killer bee. The killer bee stings you. x2
* * * LOW HITPOINT WARNING * * *
The killer bee stings you!
* * * LOW HITPOINT WARNING * * *
You mangle the killer bee!!
You kill the killer bee!
Trog accepts your kill.
You feel sick. The killer bee completely misses you.
The killer bee barely misses you.
You miss the killer bee. The killer bee barely misses you.
The killer bee stings you.
* * * LOW HITPOINT WARNING * * *
You barely miss the killer bee.
You feel sick. The killer bee stings you.
* * * LOW HITPOINT WARNING * * *
The killer bee stings you.
* * * LOW HITPOINT WARNING * * *
The killer bee stings you but does no damage.
You miss the killer bee. The killer bee closely misses you.
The killer bee stings you.
* * * LOW HITPOINT WARNING * * *
The killer bee stings you.
* * * LOW HITPOINT WARNING * * *
The killer bee attacks as you move away!
The killer bee stings you.
* * * LOW HITPOINT WARNING * * *
You feel sick.
The killer bee stings you but does no damage.
You closely miss the killer bee.
You feel sick. The killer bee stings you.
* * * LOW HITPOINT WARNING * * *
The killer bee stings you.
* * * LOW HITPOINT WARNING * * *
You miss the killer bee. The killer bee stings you.
* * * LOW HITPOINT WARNING * * *
The killer bee stings you.
* * * LOW HITPOINT WARNING * * *
You miss the killer bee.
You feel sick.
You are no longer poisoned.
The killer bee stings you!
You die...

#............#
.......#.#...##
..#......###..#
..#...........#
............##
##.#.##......##
#..###......### .
#.## ##....##.#
..##...###@...#..#.#
.........#yy........
........##y.........
.....(())......##...
......).).......# ..
..................#.
......(.............
...........#...##...
..........##......#.


You could see 3 killer bees.

Vanquished Creatures
  Pikel (D:4)
  Grinder (D:6)
  Sigmund (D:5)
  A steam dragon (D:4)
  2 water moccasins (D:7)
  A black bear (D:7)
  2 ice beasts (D:7)
  A sky beast (D:7)
  3 ogres
  The ghost of ChrisAssaf the Sneak, an amateur DrBr (D:4)
  A phantom (D:6)
  4 lemures (D:4)
  2 bullfrogs (Sewer)
  2 necrophages
  3 scorpions
  4 wights (D:8)
  2 killer bees (D:8)
  A crimson imp (D:4)
  4 hounds
  2 jellies
  3 orc priests
  Jessica (D:3)
  3 iguanas
  3 orc wizards
  3 gnolls (D:3)
  6 adders
  4 river rats
  A shadow imp (D:7)
  A white imp (D:6)
  2 worms (D:4)
  4 dart slugs
  25 orcs
  15 ball pythons
  9 endoplasms
  9 giant cockroaches
  11 goblins
  16 hobgoblins
  3 jackals (D:4)
  6 quokkas
  6 bats
  A frilled lizard (Sewer)
  2 hobgoblin zombies (D:4)
  9 kobolds
  A kobold zombie (D:4)
  4 orc skeletons (D:4)
  An orc zombie (D:4)
  27 rats
215 creatures vanquished.

Vanquished Creatures (others)
  8 fungi (D:4)
  3 toadstools (D:4)
11 creatures vanquished.

Grand Total: 226 creatures vanquished

Notes
Turn   | Place    | Note
-------+----------+-------------------------------------------
     0 | D:1      | byup00 the Troll Berserker began the quest for the Orb.
     0 | D:1      | Reached XP level 1. HP: 22/22 MP: 0/0
    63 | D:1      | Reached XP level 2. HP: 24/29 MP: 1/1
   146 | D:1      | Found a faded altar of an unknown god.
   423 | D:1      | Reached XP level 3. HP: 35/36 MP: 2/2
   682 | D:2      | Reached ** piety under Trog
  1485 | D:3      | Reached XP level 4. HP: 45/45 MP: 3/3
  1497 | D:3      | Reached skill level 4 in Unarmed Combat
  1578 | D:3      | Noticed Jessica
  1584 | D:3      | Killed Jessica
  1585 | D:3      | Reached XP level 5. HP: 53/53 MP: 4/4
  1769 | D:3      | Found an opulent altar of Gozag.
  1777 | D:3      | Found a shadowy altar of Dithmenos.
  1780 | D:3      | Found a shimmering blue altar of Sif Muna.
  1859 | D:3      | Found a sacrificial altar of Ru.
  1987 | D:4      | Noticed an ogre
  1993 | D:4      | Killed an ogre
  1994 | D:4      | Reached skill level 5 in Unarmed Combat
  2017 | D:4      | Reached XP level 6. HP: 51/61 MP: 5/5
  2044 | D:4      | Reached *** piety under Trog
  2094 | D:4      | Found a glowing golden altar of the Shining One.
  2259 | D:4      | Found an iron altar of Okawaru.
  2273 | D:4      | Noticed Pikel
  2296 | D:4      | Killed Pikel
  2297 | D:4      | Reached skill level 7 in Unarmed Combat
  2297 | D:4      | Reached XP level 7. HP: 61/67 MP: 6/6
  2510 | D:4      | Found a runed translucent door.
  2511 | D:4      | Noticed ChrisAssaf's ghost (amateur DrBr)
  2513 | D:4      | Noticed a steam dragon
  2551 | D:4      | Found a glowing drain.
  2622 | Sewer    | Entered a sewer
  2711 | Sewer    | Reached **** piety under Trog
  2876 | Sewer    | Reached XP level 8. HP: 29/78 MP: 7/7
  3254 | D:4      | Reached skill level 8 in Unarmed Combat
  3263 | D:4      | Killed ChrisAssaf's ghost
  3264 | D:4      | Reached skill level 5 in Dodging
  3556 | D:5      | Entered Level 5 of the Dungeon
  3742 | D:5      | Found an ancient bone altar of Kikubaaqudgha.
  4102 | D:5      | Noticed Sigmund
  4110 | D:5      | Killed Sigmund
  4111 | D:5      | Reached skill level 1 in Stealth
  4111 | D:5      | Reached skill level 9 in Unarmed Combat
  4464 | D:6      | Noticed Grinder
  4473 | D:6      | Paralysed by Grinder for 2 turns
  4478 | D:6      | Killed Grinder
  4479 | D:6      | Reached XP level 9. HP: 80/85 MP: 8/8
  4496 | D:6      | Reached skill level 1 in Throwing
  4613 | D:6      | Identified the amulet "Arad Zing" {RegenMP rPois MP+9
                  | Int+3}
  4914 | D:6      | Found a staircase to the Ecumenical Temple.
  5072 | D:6      | Reached ***** piety under Trog
  5172 | D:6      | Found a bloodstained altar of Trog.
  5949 | D:7      | Found a sand-covered staircase.
  5980 | D:7      | Found a radiant altar of Vehumet.
  6298 | D:7      | Reached skill level 10 in Unarmed Combat
  6547 | D:8      | Reached skill level 5 in Fighting
  6635 | D:8      | HP: 6/132 [killer bee (1)]
  6637 | D:8      | Slain by a killer bee

Illustrated notes

Levels and vault maps discovered:
D:1:      moated_graveyard_arrival, layout_rooms, basic_ecumenical_altar,
          nicolae_kite_square_tiling_tiny
D:2:      layout_loops_cross, nicolae_underground_beach
D:3:      layout_basic, mainiacjoe_overflow_surrounded_room,
          grunt_temple_overflow_open, uniq_jessica
D:4:      layout_loops_ring, nicolae_tso_besieged_by_evil, old_standard_altar,
          portal_sewer_entry_c, ebering_ghost_inner_flame,
          minmay_gold_behind_fungi, uniq_pikel
D:5:      layout_basic, mainiacjoe_overflow_concentric_impassable, uniq_sigmund
D:6:      layout_gridville, mainiacjoe_overflow_alcove_1,
          minmay_temple_entry_wispy, uniq_grinder
D:7:      layout_loops_corners, nicolae_vehumet_altar_sigil, enter_ossuary_2
D:8:      minmay_the_grid_square_5x5_3x3 [minmay_the_grid_square_5x5_trominoes,
          minmay_the_grid_square_5x5_shrine2, minmay_the_grid_square_5x5_bite,
          minmay_the_grid_square_5x5_mess,
          minmay_the_grid_square_5x5_megaprize_diamond,
          minmay_the_grid_square_5x5_n, minmay_the_grid_square_5x5_tie,
          minmay_the_grid_square_5x5_fancy_junction,
          minmay_the_grid_square_5x5_two_walls_a], layout_cave_pools,
          minmay_between, uniq_joseph

Skill      XL: |  1  2  3  4  5  6  7  8  9 |
---------------+----------------------------+-----
Fighting       | 3 4 5 |  5.0
Dodging        | 3 4 5 6 |  6.1
Unarmed Combat | 4 5 7 9 10 | 10.3
Stealth        | 1 |  1.0
Throwing       | 3 |  3.8

Action                   |  1- 3 |  4- 6 |  7- 9 || total
-------------------------+-------+-------+-------++-------
Melee: Unarmed           |    88 |   141 |   327 ||   556
       Punch             |     1 |       |    14 ||    15
Throw: Stone             |       |     3 |       ||     3
       Dart              |       |       |    39 ||    39
Invok: Berserk           |       |     1 |     2 ||     3
       Trog's Hand       |       |       |     4 ||     4
  Use: Scroll            |       |       |     7 ||     7
       Potion            |       |       |     2 ||     2
Armor: Animal skin       |    42 |    26 |   100 ||   168
Dodge: Dodged            |    48 |    46 |   210 ||   304
